 Dungeon Crawl Stone Soup version 0.30-b1-2-g02819fbbbe (webtiles) character file.

Game seed: 778636881846620122

144 nightchill the Firebug (level 5, -8/41 HPs)
             Began as a Hill Orc Fire Elementalist on Oct 5, 2023.
             Mangled by Terence
             ... wielding a +1 flail of holy wrath
              (10 damage)
             ... on level 2 of the Dungeon.
             The game lasted 00:10:17 (3932 turns).

nightchill the Firebug (Hill Orc Fire Elementalist) Turns: 3932, Time: 00:10:17

Health: -8/41      AC:  2    Str: 13    XL:     5   Next: 26%
Magic:  2/8        EV: 12    Int: 15    God:
Gold:   163        SH:  0    Dex: 11    Spells: 5/8 levels left

rFire   . . .        t - +0 hand axe
rCold   . . .        (no shield)
rNeg    . . .        a - +0 robe
rPois   .            (no helmet)
rElec   .            (no cloak)
rCorr   .            (no gloves)
SInv    .            (no boots)
Will    .....        (no amulet)
Stlth   ++           (no ring)
HPRegen 0.26/turn    (no ring)
MPRegen 0.11/turn

%: no passive effects
@: no status effects
A: no striking features
a: no special abilities


You were on level 2 of the Dungeon.
You visited 1 branch of the dungeon, and saw 3 of its levels.

You collected 163 gold pieces.

Inventory:

Hand Weapons
 t - a +0 hand axe (weapon)
Missiles
 v - a throwing net
Armour
 a - a +0 robe (worn)
 p - a +2 kite shield
Magical Staves
 q - a staff of earth
Scrolls
 c - a scroll of poison {unknown}
 f - 5 scrolls of identify {unknown}
 g - a scroll of silence {unknown}
 i - a scroll of torment {unknown}
 l - a scroll of teleportation {unknown}
 m - a scroll of enchant armour {unknown}
 n - a scroll of enchant weapon {unknown}
 s - a scroll of blinking {unknown}
 u - a scroll of fog {unknown}
 w - a scroll of fear {unknown}
Potions
 b - a potion of magic
 d - a potion of invisibility {unknown}
 e - 2 potions of lignification {unknown}
 h - a potion of heal wounds {unknown}
 j - a potion of berserk rage {unknown}
 k - 2 potions of brilliance
 r - a potion of flight {unknown}


   Skills:
 + Level 2.0 Fighting
 * Level 0.5 Axes
 - Level 1.5 Dodging
 - Level 1.6 Stealth
 + Level 2.1 Spellcasting
 + Level 2.7 Conjurations
 + Level 4.5 Fire Magic


You had 5 spell levels left.
You knew the following spells:

 Your Spells              Type           Power      Damage    Failure   Level
a - Foxfire               Conj/Fire      48%        2x1d6     4%          1
b - Scorch                Fire           30%        2d6       4%          2

Your spell library contained the following spells:

 Spells                   Type           Power      Damage    Failure   Level
 Inner Flame              Hex/Fire       8%         N/A       26%         3
 Volatile Blastmotes      Fire/Tloc      16%        2d11      26%         3
 Flame Wave               Conj/Fire      12%        2d6       43%         4
 Fireball                 Conj/Fire      6%         3d5       80%         5
 Iskenderun's Battlesphe  Conj           9%         2d6       89%         5
 Conjure Ball Lightning   Conj/Air       2%         3x3d6     100%        6
 Orb of Destruction       Conj           4%         9d5       100%        7


Dungeon Overview and Level Annotations

Branches:
Dungeon (3/15)

Altars:
Ru

Annotations:
D:1 exclusion: downstairs
D:2 exclusion: downstairs, Terence


Message History

You conjure some foxfire!
The foxfire hits Terence but does no damage.
Terence is heavily wounded.
The foxfire hits Terence.
Terence is heavily wounded.
Terence closely misses you. Terence attacks as you move away!
Terence hits you with a +1 flail of holy wrath!
Terence attacks as you move away! Terence closely misses you.
Terence attacks as you move away! Terence closely misses you.
Terence attacks as you move away!
Terence hits you with a +1 flail of holy wrath!
Terence attacks as you move away!
Terence hits you with a +1 flail of holy wrath!
* * * LOW HITPOINT WARNING * * *
Terence attacks as you move away!
Terence hits you with a +1 flail of holy wrath.
* * * LOW HITPOINT WARNING * * *
Terence attacks as you move away! Terence closely misses you.
Casting: Foxfire (safe; 4% risk of failure)
Confirm with . or Enter, or press ? or * to list all spells.
You conjure some foxfire!
Terence hits you with a +1 flail of holy wrath.
* * * LOW HITPOINT WARNING * * *
The foxfire hits Terence.
Terence is severely wounded.
The foxfire hits Terence.
Terence is almost dead.
Terence completely misses you.
Casting: Foxfire (safe; 4% risk of failure)
Confirm with . or Enter, or press ? or * to list all spells.
You conjure some foxfire!
Terence hits you with a +1 flail of holy wrath.
* * * LOW HITPOINT WARNING * * *
The foxfire hits Terence but does no damage.
Terence is almost dead.
The foxfire hits Terence but does no damage.
Terence is almost dead.
Terence hits you with a +1 flail of holy wrath!
You die...

##.....#
#.####.#.#####....#####.
#.....# #...##.#.# #....# #..
#.....# ###......# ##.### #..
#.....########.#.### #.# #..
#..................# #(# #..
#.....########.#.#+####.# #..
#.....# #...........# #..
#.....# #.§......#..# #..
###...#
###..@@....##.######.. ##
#...# #..........##.......#.
.# #..†#
#'#........##.##..#... .#
#...# ##.##+########.##..#.##
.#
###.####..######...##.##..#.#
.#
#..##........#...##.##....#
.#
##.'...÷...<.#...##.##....#
.# ####........#...##.##....#
.# ##..######...##.###>#.#


You could see Terence.

Vanquished Creatures
  An orc wizard (D:2)
  5 adders
  A worm (D:2)
  A dart slug (D:2)
  4 orcs (D:3)
  8 endoplasms
  9 hobgoblins
  6 kobolds
  9 ball pythons
  6 bats
  4 frilled lizards
  7 goblins
  4 rats
65 creatures vanquished.

Vanquished Creatures (others)
  231 foxfires
231 creatures vanquished.

Grand Total: 296 creatures vanquished

Notes
Turn   | Place    | Note
-------+----------+-------------------------------------------
     0 | D:1      | nightchill the Hill Orc Fire Elementalist began the quest
                  | for the Orb.
     0 | D:1      | Reached XP level 1. HP: 14/14 MP: 3/3
   336 | D:1      | Reached XP level 2. HP: 20/22 MP: 2/4
  1307 | D:2      | Reached skill level 1 in Fighting
  1389 | D:2      | Reached XP level 3. HP: 28/28 MP: 1/5
  1701 | D:2      | Found a sacrificial altar of Ru.
  2345 | D:2      | Reached skill level 4 in Fire Magic
  2345 | D:2      | Reached XP level 4. HP: 35/35 MP: 3/6
  2534 | D:2      | Found a faded altar of an unknown god.
  3008 | D:3      | Noticed Terence
  3053 | D:2      | Learned a level 2 spell: Scorch
  3164 | D:3      | Reached XP level 5. HP: 37/41 MP: 4/8
  3931 | D:2      | HP: 2/41 [Terence/+1 flail of holy wrath (6)]
  3932 | D:2      | Mangled by Terence

Illustrated notes

Levels and vault maps discovered:
D:1:      sevenhm_arrival_forest_fort_small_3, layout_loops_corners,
          chequers_mini_garden
D:2:      layout_basic, shapermc_ecumenical_altar_venn, basic_altar,
          grunt_ministairs_14
D:3:      layout_basic, uniq_terence

Skill      XL: |  1  2  3  4  5 |
---------------+----------------+-----
Fighting       | 1 2 |  2.0
Conjurations   | 2 |  2.7
Fire Magic     | 4 |  4.5
Spellcasting   | 2 |  2.1
Axes           | |  0.5
Dodging        | |  1.5
Stealth        | |  1.6

Action                     |  1- 3 |  4- 6 || total
---------------------------+-------+-------++-------
  Melee: Unarmed           |     1 |       ||     1
         Hand axe          |       |    16 ||    16
   Cast: Foxfire           |    71 |    58 ||   129
         Scorch            |       |     2 ||     2
    Use: Potion            |       |     3 ||     3
   Stab: Sleeping          |       |     2 ||     2
 Armour: Robe              |    15 |     9 ||    24
  Dodge: Dodged            |    46 |    32 ||    78
